 Dungeon Crawl Stone Soup version 0.30.0-29-ga12c61a403 (webtiles) character file.

Game seed: 5926475959719996369

1177 Riddle the Magician (level 8, -7/51 HPs)
             Began as a Djinni Earth Elementalist on June 5, 2023.
             Was an Initiate of Makhleb.
             Mangled by an ice beast (8 damage)
             ... on level 6 of the Dungeon.
             The game lasted 00:06:41 (4337 turns).

Riddle the Magician (Djinni Earth Elementalist)     Turns: 4337, Time: 00:06:42

Health: -7/51      AC:  2    Str:  7    XL:     8   Next: 69%
Gold:   262        EV: 13    Int: 19    God:    Makhleb [......] SH:  0 Dex: 14

rFire   + + .        u - +0 long sword
rCold   . . .        (no shield)
rNeg    . . .        a - +0 robe
rPois   ∞            (no helmet)
rElec   .            (no cloak)
rCorr   .            (no gloves)
SInv    .            (boots unavailable)
Will    .....        (no amulet)
Stlth   ++           n - ring of protection from fire
HPRegen 0.28/turn    v - ring of ice
MPRegen 0.00/turn

%: infuse magic (-8 HP)
@: flying
A: sickness immunity, fire resistance 2, cold vulnerability 1, float, innate
caster, HP casting, extra vitality 1
a: Renounce Religion


You were on level 6 of the Dungeon.
You worshipped Makhleb.
Makhleb was noncommittal.
You visited 2 branches of the dungeon, and saw 7 of its levels.

You collected 262 gold pieces.

Inventory:

Hand Weapons
 u - a +0 long sword (weapon)
Armour
 a - a +0 robe (worn)
Jewellery
 n - a ring of protection from fire (left hand)
 v - a ring of ice (right hand)
 x - a ring of resist corrosion
Wands
 z - a wand of roots (9)
Scrolls
 d - a scroll of amnesia {unknown}
 g - 4 scrolls of magic mapping {unknown}
 h - 9 scrolls of identify {unknown}
 j - 3 scrolls of enchant weapon {unknown}
 l - 4 scrolls of teleportation {unknown}
 p - 2 scrolls of poison {unknown}
 r - a scroll of noise {unknown}
 s - a scroll of butterflies {unknown}
 w - a scroll of fear {unknown}
 y - a scroll of fog {unknown}
Potions
 b - 6 potions of curing {unknown}
 c - a potion of brilliance {unknown}
 e - a potion of flight {unknown}
 f - 2 potions of might {unknown}
 i - a potion of attraction {unknown}
 k - 3 potions of haste {unknown}
 m - a potion of mutation {unknown}
 o - a potion of ambrosia {unknown}
 q - 2 potions of heal wounds
 t - a potion of magic {unknown}
 A - a potion of degeneration {unknown}
 B - a potion of cancellation {unknown}
 C - a potion of berserk rage {unknown}


   Skills:
 + Level 0.9 Fighting
 + Level 3.0 Dodging
 + Level 3.3 Stealth
 + Level 7.2 Spellcasting


You knew the following spells:

 Your Spells              Type           Power      Damage    Failure   Level
a - Sandblast             Erth           68%        2d15      1%          1
b - Passwall              Tmut/Erth      28%        N/A       1%          2
c - Stone Arrow           Conj/Erth      68%        3d11      1%          3
d - Petrify               Tmut/Erth      34%        N/A       4%          4
e - Freeze                Ice            100%       1d10      1%          1
f - Blink                 Tloc           68%        N/A       1%          2
g - Call Imp              Summ           68%        N/A       1%          2
Your spell library was empty.

Dungeon Overview and Level Annotations

Branches:
Dungeon (6/15)             Temple (1/1) D:6

Altars:
Ashenzari
Cheibriados
Dithmenos
Elyvilon
Fedhas
Gozag
Hepliaklqana
Makhleb
Nemelex Xobeh
Okawaru
Qazlal
Ru
Trog
Uskayaw
Wu Jian
Xom
Yredelemnul
Zin
The Shining One


Innate Abilities, Weirdness & Mutations

You are immune to sickness and miasma.
You are immune to poison.
Your flesh is very heat resistant. (rF++)
You are vulnerable to cold. (rC-)
You float through the air rather than walking.
You learn spells naturally, not from books.
Your magical power is your life essence.
You have superior vitality. (+4 MHP)


Message History

The ice beast resists with significant effort.
You feel stable enough to blink again.
Casting: Petrify (dangerous; 4% risk of failure)
Confirm with . or Enter, or press ? or * to list all spells.
Aiming: Petrify (dangerous; 4% risk of failure)
Press: ? - help, Shift-Dir - straight line, f/p - ice beast
Aim: an ice beast (chance to affect: 62%)
The ice beast resists with significant effort.
Casting: Petrify (dangerous; 4% risk of failure)
Confirm with . or Enter, or press ? or * to list all spells.
Aiming: Petrify (dangerous; 4% risk of failure)
Press: ? - help, Shift-Dir - straight line, f/p - ice beast
Aim: an ice beast (chance to affect: 62%)
The ice beast resists with significant effort.
The ice beast closely misses you.
Casting: Petrify (dangerous; 4% risk of failure)
Confirm with . or Enter, or press ? or * to list all spells.
Aiming: Petrify (dangerous; 4% risk of failure)
Press: ? - help, Shift-Dir - straight line, f/p - ice beast
Aim: an ice beast (chance to affect: 62%)
The ice beast is moving more slowly.
* * * LOW HITPOINT WARNING * * *
The ice beast closely misses you.
Casting: Petrify (dangerous; 4% risk of failure)
Confirm with . or Enter, or press ? or * to list all spells.
Aiming: Passwall (safe; 1% risk of failure)
Press: ? - help, Dir - move target, p - ice beast A rock wall.
* * * LOW HITPOINT WARNING * * *
The ice beast hits you.
* * * LOW HITPOINT WARNING * * *
The ice beast freezes you.
* * * LOW HITPOINT WARNING * * *
You begin to meditate on the wall.
You continue meditating on the rock.
The ice beast barely misses you.
You continue meditating on the rock.
The ice beast hits you.
* * * LOW HITPOINT WARNING * * *
The ice beast freezes you!
You die...

# .# # .# .....#
#.#####.##### #....#
#...........#
#....###...........#
#.
#....##....Y@......#
..#
#....##......#+#####
...##....+.......#
.........##......#.
............†.....?
........#######....
........# #....
........# #....
#+###+#.#######


You could see an ice beast (petrifying).

Vanquished Creatures
  Sigmund (D:3)
  2 water moccasins (D:6)
  2 black bears (D:4)
  An ogre (D:4)
  A phantom (D:6)
  Blork the orc (D:5)
  2 bullfrogs (D:6)
  A howler monkey (D:6)
  2 hounds
  A sleepcap (D:5)
  Natasha (D:2)
  4 adders
  2 worms
  2 dart slugs (D:4)
  3 orcs
  6 ball pythons
  14 endoplasms
  2 giant cockroaches
  6 goblins
  10 hobgoblins
  4 quokkas
  5 bats
  6 frilled lizards
  9 kobolds
  11 rats
99 creatures vanquished.

Notes
Turn   | Place    | Note
-------+----------+-------------------------------------------
     0 | D:1      | Riddle the Djinni Earth Elementalist began the quest for
                  | the Orb.
     0 | D:1      | Riddle set off with the following spells memorised:
                  | Sandblast, Passwall, Stone Arrow, Petrify.
     0 | D:1      | Reached XP level 1. HP: 15/15 MP: 0/0
   159 | D:1      | Reached XP level 2. HP: 21/21 MP: 0/0
   207 | D:1      | Reached skill level 3 in Spellcasting
   256 | D:1      | Reached XP level 3. HP: 24/25 MP: 0/0
   256 | D:1      | Learned a level 1 spell: Freeze
   666 | D:2      | Reached XP level 4. HP: 30/31 MP: 0/0
   985 | D:3      | Noticed Natasha
   991 | D:3      | HP: 1/31 [Natasha (2)]
   994 | D:2      | Killed Natasha
  1029 | D:3      | Reached skill level 4 in Spellcasting
  1044 | D:3      | Reached XP level 5. HP: 33/35 MP: 0/0
  1044 | D:3      | Learned a level 2 spell: Blink
  1318 | D:3      | Noticed Sigmund
  1324 | D:3      | Killed Sigmund
  1325 | D:3      | Reached skill level 5 in Spellcasting
  1325 | D:3      | Reached XP level 6. HP: 25/40 MP: 0/0
  1817 | D:4      | Found a bloodstained altar of Trog.
  1865 | D:4      | Noticed an ogre
  1867 | D:4      | Killed an ogre
  2205 | D:4      | Reached XP level 7. HP: 44/45 MP: 0/0
  2205 | D:4      | Learned a level 2 spell: Call Imp
  2917 | D:5      | Entered Level 5 of the Dungeon
  2955 | D:5      | Noticed Blork the orc
  2958 | D:5      | Killed Blork the orc
  2959 | D:5      | Reached skill level 6 in Spellcasting
  3603 | D:6      | Reached XP level 8. HP: 44/51 MP: 0/0
  3745 | D:6      | Found a staircase to the Ecumenical Temple.
  3757 | Temple   | Entered the Ecumenical Temple
  4165 | Temple   | Became a worshipper of Makhleb the Destroyer
  4313 | D:6      | Reached skill level 7 in Spellcasting
  4335 | D:6      | HP: 2/51 [ice beast (6)]
  4337 | D:6      | Mangled by an ice beast

Illustrated notes

Levels and vault maps discovered:
D:1:      dpeg_arrival_refuge, layout_basic, nrook_mini_backslash
D:2:      layout_rooms, minmay_tromino_v4_b
D:3:      layout_rooms, serial_rivers, chequers_serial_rivers_marsh,
          chequers_serial_rivers_small_a, chequers_serial_rivers_large_a,
          chequers_serial_rivers_small_a, chequers_serial_rivers_large_b,
          chequers_serial_rivers_small_3, hex_tiny, fountainhead, uniq_natasha,
          uniq_sigmund
D:4:      layout_basic, lemuel_tele_altar, minmay_pentangle
D:5:      layout_basic, uniq_blork_the_orc
D:6:      layout_basic, minmay_temple_entry_statues_pillars, uniq_pikel
Temple:   mainiacjoe_temple_trianglar_array

Skill      XL: |  1  2  3  4  5  6  7  8 |
---------------+-------------------------+-----
Spellcasting   | 3 4 5 6 7 |  7.2
Stealth        | 2 3 |  3.3
Dodging        | 3 |  3.0
Fighting       | |  0.9

Action                     |  1- 3 |  4- 6 |  7- 9 || total
---------------------------+-------+-------+-------++-------
  Melee: Unarmed           |     2 |       |       ||     2
   Cast: Sandblast         |    51 |    51 |    57 ||   159
         Stone Arrow       |       |       |     4 ||     4
         Petrify           |       |       |     4 ||     4
         Blink             |       |       |     1 ||     1
         Passwall          |       |       |     1 ||     1
    Use: Potion            |       |     1 |       ||     1
   Stab: Sleeping          |     1 |       |       ||     1
 Armour: Robe              |     3 |     1 |     6 ||    10
  Dodge: Dodged            |    13 |     7 |    32 ||    52
